 Dungeon Crawl Stone Soup version 0.28.0-1-gb440e238dd (webtiles) character file.

Game seed: 15998526612719166124

15 spaghetti the Skirmisher (level 2, 24/24 HPs)
             Began as a Demonspawn Fighter on Feb 20, 2022.
             Was a Follower of Wu Jian.
             Quit the game on level 1 of the Dungeon.
             The game lasted 00:00:33 (336 turns).

spaghetti the Skirmisher (Demonspawn Fighter)        Turns: 336, Time: 00:00:33

Health: 24/24      AC:  8    Str: 16    XL:     2   Next: 34%
Magic:  2/2        EV:  8    Int:  9    God:    Wu Jian [*.....]
Gold:   33         SH:  4    Dex: 12    Spells: 1/1 levels left

rFire   . . .      SeeInvis .   a - +0 war axe
rCold   . . .      Faith    .   c - +0 buckler
rNeg    . . .      Spirit   .   b - +0 scale mail
rPois   .          Reflect  .   (no helmet)
rElec   .          Harm     .   (no cloak)
rCorr   .          Rampage  .   (no gloves)
Will    .....                   (no boots)
Stlth   ..........              (no amulet)
HPRegen 0.08/turn               (no ring)
MPRegen 0.08/turn               (no ring)

@: no status effects
A: icy blue scales 1
a: Renounce Religion


You were on level 1 of the Dungeon.
You worshipped Wu Jian.
Wu Jian was aware of your devotion.
You visited 1 branch of the dungeon, and saw 1 of its levels.

You collected 33 gold pieces.

Inventory:

Hand Weapons
 a - a +0 war axe (weapon)
Armour
 b - a +0 scale mail (worn)
 c - a +0 buckler (worn)
Scrolls
 e - 2 scrolls of teleportation {unknown}
 g - a scroll of identify {unknown}
Potions
 d - a potion of might
 f - a potion of attraction {unknown}


   Skills:
 - Level 3.6 Fighting
 - Level 1.7 Axes
 + Level 2.9 Armour
 - Level 2.6 Shields


You had one spell level left.
You didn't know any spells.
Your spell library was empty.

Dungeon Overview and Level Annotations

Branches:
Dungeon (1/15)

Altars:
Wu Jian


Innate Abilities, Weirdness & Mutations

You are partially covered in icy blue scales. (AC +2)


Message History

You hit the fungus.
The fungus begins to die.
No target in view!
No target in view!
No target in view!
No target in view!
No target in view!
No target in view!
No target in view!
No target in view!
No target in view!
No target in view!
No target in view!
No target in view!
No target in view!
No target in view!
No target in view!
No target in view!
No target in view!
No target in view!
A nearby fungus withers and dies.
There is a stone staircase leading down here.
You now have 28 gold pieces (gained 13).
g - a scroll labelled ZIETIM PAULI No target in view!
Found 20 sling bullets.
You now have 33 gold pieces (gained 5).
e - 2 scrolls labelled KEOLIRHUDAPS (gained 1)
A kobold comes into view. It is wielding a +0 short sword.
You lunge at the kobold, but your attack speed is too slow for a blow to land.
The kobold closely misses you.
You hit the kobold but do no damage. The kobold closely misses you.
The kobold hits you but does no damage.
You hit the kobold but do no damage. The kobold closely misses you.
You hit the kobold.
You kill the kobold!
The Council accepts your kill.
Are you sure you want to abandon this character and quit the game? (Confirm with "yes".)
Okay, then.
Unknown command.
Are you sure you want to abandon this character and quit the game? (Confirm with "yes".)

.#######..#
#...♣.♣P...###.######
## #.
#...PP.P........## #
##.......###..#..####
###...####..........
#..## #.###..###. #.##
#.#....#.#. #.#
#.###..#.#. #.#
#.......... #@#
#.###..###.
#.....).......#....# ..
##..#.........###..###.
.... ...######.. ....
.. ... ....#
#.###..###. ## ..####
#.# #... #. ... #.#
#..# . ##.# ....


There were no monsters in sight!

Vanquished Creatures
  An endoplasm (D:1)
  A hobgoblin (D:1)
  6 jackals (D:1)
  3 bats (D:1)
  A kobold (D:1)
  A rat (D:1)
13 creatures vanquished.

Vanquished Creatures (others)
  2 fungi (D:1)
2 creatures vanquished.

Grand Total: 15 creatures vanquished

Notes
Turn   | Place    | Note
-------+----------+-------------------------------------------
     0 | D:1      | spaghetti the Demonspawn Fighter began the quest for the
                  | Orb.
     0 | D:1      | Reached XP level 1. HP: 18/18 MP: 1/1
    57 | D:1      | Gained mutation: You are partially covered in icy blue
                  | scales. (AC +2) [demonic ancestry]
    57 | D:1      | Reached XP level 2. HP: 18/24 MP: 2/2
   188 | D:1      | Found a faded altar of an unknown god.
   208 | D:1      | Prayed at the altar of an unknown god.
   208 | D:1      | Became a worshipper of the Wu Jian Council
   208 | D:1      | Reached * piety under Wu Jian
   336 | D:1      | Quit the game

Illustrated notes

Levels and vault maps discovered:
D:1:      onia_arrival_mini_spirals, layout_loops_ring,
          dreamdust_ecumenical_altar_grove, hex_medium,
          minmay_misc_feat_nine_boxes

Action                   || total
-------------------------++-------
Melee: War axe           ||    32
Armor: Scale mail        ||    32
Dodge: Dodged            ||    20
Block: Buckler           ||     9
